cohdb
Replays
Latest Replays
All Replays
Popular Replays
Top Player Replays
Match Explorer
How It Works
Community
CoH3 Stats
Reddit
Sign in to upload your games and track your stats! →
Sign in with Steam
Match 39056188
Unlisted
Match 39056188
Overview
Messages
Build Orders
End
Royal Engineer Section
Construct Section Command Post
Dingo Light Scout Car
Infantry Section
Vickers Machine Gun Team
Construct Platoon Command Post
Humber Armored Car
Selects Air and Sea Battlegroup
Selects Supply Surplus
Construct Resource Cache
Construct Resource Cache
Construct Company Command Post
Construct Resource Cache
Foot Guards Section
Crusader II Medium Tank
Foot Guards Section
Infantry Training
Selects Commando Section Paradrop
Selects Commando Support Section Paradrop
Commando Section Paradrop
Unlock Bishop Self-propelled Artillery
Selects Centaur Medium Tank
Bishop Self-propelled Artillery
Unlock M3 Grant Medium Tanks
M3 Grant Medium Tank
Foot Guards Section
Royal Engineer Section
Selects Naval Bombardment
M3 Grant Medium Tank
DebaKLe
『BlackBear』
MMMerVVV
Andrax
0
0
Comments
sign in to comment!
No comments posted yet!